 Dungeon Crawl Stone Soup version 0.32-a0-779-g362cfcae2a (webtiles) character file.

Game seed: 9706903395132838494

53 Malificent the Poker (level 3, -6/30 HPs)
             Began as a Merfolk Monk on Mar 19, 2024.
             Was a Priest of Makhleb.
             Mangled by an iguana (9 damage)
             ... on level 2 of the Dungeon.
             The game lasted 00:05:07 (1155 turns).

Malificent the Poker (Merfolk Monk)                 Turns: 1155, Time: 00:05:08

Health: -6/30      AC:  2    Str: 13    XL:     3   Next: 89%
Magic:  3/3        EV: 13    Int:  9    God:    Makhleb [***...]
Gold:   80         SH:  0    Dex: 16    Spells: 2/2 levels left

rFire   . . .        m - +0 falchion
rCold   . . .        d - orb {light}
rNeg    . . .        b - +0 robe
rPois   .            (no helmet)
rElec   .            (no cloak)
rCorr   .            (no gloves)
SInv    .            (no boots)
Will    .....        (no amulet)
Stlth   +            (no ring)
HPRegen 0.25/turn    (no ring)
MPRegen 0.08/turn

%: no passive effects
@: glowing
A: (nimble swimmer 2), mertail
a: Renounce Religion, Minor Destruction, Lesser Servant of Makhleb


You were on level 2 of the Dungeon.
You worshipped Makhleb.
Makhleb was most pleased with you.
You visited 1 branch of the dungeon, and saw 3 of its levels.

You collected 80 gold pieces.

Inventory:

Hand Weapons
 a - a +0 spear
 m - a +0 falchion (weapon)
Armour
 b - a +0 robe (worn)
 d - an orb of light (worn)
 f - an orb of wrath
 g - a +0 chain mail
 i - a +0 scale mail
 l - a +0 helmet
Scrolls
 e - a scroll of vulnerability
 k - 4 scrolls of revelation
 o - a scroll of teleportation
Potions
 c - a potion of ambrosia
 h - 3 potions of haste
 j - a potion of cancellation
 n - a potion of magic {unknown}
 q - 2 potions of enlightenment
 r - 2 potions of curing {unknown}


   Skills:
 + Level 3.8 Fighting
 + Level 5.0 Polearms
 + Level 4.6 Dodging
 + Level 0.3 Stealth
 * Level 0.5 Invocations


You had 2 spell levels left.
You didn't know any spells.
Your spell library was empty.

Dungeon Overview and Level Annotations

Branches:
Dungeon (3/15)

Altars:
Makhleb


Innate Abilities, Weirdness & Mutations

((You are very nimble when in or above water. (Stealth+, EV+, Speed+++)))
Your lower body shifts to a powerful aquatic tail in water.


Message History

Press: ? - help, Shift-Dir - straight line, f - gnoll
Aim: a gnoll, wielding a +0 spear (haloed)
The stone arrow hits the gnoll!
You kill the gnoll!
Makhleb accepts your kill.
A gnoll comes into view. It is wielding a +0 spear.
The gnoll shouts!
A gnoll comes into view. It is wielding a +0 whip of distortion.
Aiming: Minor Destruction (17% risk of failure)
Press: ? - help, Shift-Dir - straight line, f - gnoll
Aim: a gnoll, wielding a +0 spear The gnoll resists with some effort.
The gnoll shouts!
Aiming: Minor Destruction (17% risk of failure)
Press: ? - help, Shift-Dir - straight line, f/p - gnoll
Aim: a gnoll, wielding a +0 spear The gnoll resists with some effort.
An iguana comes into view.
The gnoll attacks as it pursues you! The gnoll closely misses you.
The gnoll attacks as it pursues you! The gnoll closely misses you.
The gnoll attacks as it pursues you! The gnoll barely misses you.
The frilled lizard attacks as it pursues you!
The frilled lizard barely misses you. The iguana closely misses you.
The gnoll attacks as it pursues you! The gnoll closely misses you.
The iguana bites you. The iguana attacks as it pursues you!
The iguana closely misses you. The iguana attacks as it pursues you!
The iguana closely misses you.
There is a stone staircase leading up, spattered with blood here.
The iguana bites you!
You climb upwards.
There is a stone staircase leading down here.
You slash the iguana!
The iguana is heavily wounded.
The iguana barely misses you.
You hit the iguana.
The iguana is severely wounded.
The iguana bites you!
* * * LOW HITPOINT WARNING * * *
The iguana bites you!
You die...

#....#....# #....##.#....#
##....#....# #....'..)....#
..###.#....# #....##.#....#
..###.#....#########....##.#....#
....#.#............#.#####.###+##
..#.#.############.#.###.....#.##
#...#.# #.#.......#.#.#.
#...#.############.#.......#.#.#.
#..............(@..#.......#.#.#.
#.#.#..........†.l.........#.#.#.
#.#.#........########...[..#...#.
#.#.#........########............
#.#.#..................#'####....
#.#.#.###########......#.# #....
#.#.#.# #......#.####.... #.#.#.#
#......#......... #.#.#.#
#......######....


You could see an iguana.

Vanquished Creatures
  A gnoll (D:3)
  2 dart slugs (D:2)
  4 ball pythons
  3 bats
  4 endoplasms
  4 goblins
  3 hobgoblins
  2 jackals (D:3)
  A quokka (D:3)
  A frilled lizard (D:1)
  8 kobolds
  A rat (D:2)
34 creatures vanquished.

Notes
Turn   | Place    | Note
-------+----------+-------------------------------------------
     0 | D:1      | Malificent the Merfolk Monk began the quest for the Orb.
     0 | D:1      | Reached XP level 1. HP: 18/18 MP: 1/1
   153 | D:1      | Reached XP level 2. HP: 21/24 MP: 2/2
   276 | D:1      | Found a faded altar of an unknown god.
   298 | D:1      | Prayed at the altar of an unknown god.
   298 | D:1      | Became a worshipper of Makhleb the Destroyer
   298 | D:1      | Reached * piety under Makhleb
   298 | D:1      | Reached ** piety under Makhleb
   609 | D:2      | Reached XP level 3. HP: 29/29 MP: 3/3
   660 | D:2      | Reached *** piety under Makhleb
  1018 | D:3      | Reached skill level 5 in Polearms
  1155 | D:2      | Mangled by an iguana

Illustrated notes

Levels and vault maps discovered:
D:1:      saegor_arrival_simple_e, layout_basic,
          shapermc_ecumenical_altar_notcrosses
D:2:      layout_basic, basic_altar
D:3:      layout_basic

Skill      XL: |  1  2  3 |
---------------+----------+-----
Polearms       | 5 |  5.0
Fighting       | |  3.8
Dodging        | |  4.6
Stealth        | |  0.3
Invocations    | |  0.5

Action                     || total
---------------------------++-------
  Melee: Spear             ||    73
         Falchion          ||     7
 Invoke: Minor Destruction ||     4
    Use: Scroll            ||     8
 Armour: Robe              ||    36
  Dodge: Dodged            ||    49

Table legend: (Time is in decaauts)
 A = Elapsed time spent in this place.
 B = Non-inter-level travel time spent in this place.
 C = Inter-level travel time spent in this place.
 D = Time resting spent in this place.
 E = Time spent auto-exploring this place.
 F = Levels seen in this place.
 G = Mean time per level.
                   A        B        C        D        E       F      G
               +--------+--------+--------+--------+--------+-----+--------+
         Total |   1147 |   1129 |     18 |     62 |    802 |   3 |  382.3 |
       Dungeon |   1147 |   1129 |     18 |     62 |    802 |   3 |  382.3 |
               +--------+--------+--------+--------+--------+-----+--------+

Top non-repeatable levels by time:
     D:2: 576 daAuts
     D:1: 423 daAuts
     D:3: 147 daAuts
